 Dungeon Crawl Stone Soup version 0.28.0-1-gb440e238dd (webtiles) character file.

Game seed: 14989328668233675280

376 zazu2006 the Sneak (level 6, -2/38 HPs)
             Began as an Octopode Hedge Wizard on Feb 25, 2022.
             Slain by a gnoll (6 damage)
             ... on level 4 of the Dungeon.
             The game lasted 00:05:51 (2780 turns).

zazu2006 the Sneak (Octopode Hedge Wizard)          Turns: 2780, Time: 00:05:51

Health: -2/38      AC:  1    Str:  7    XL:     6   Next: 73%
Magic:  12/12      EV: 13    Int: 19    God:
Gold:   138        SH:  0    Dex: 11    Spells: 4/13 levels left

rFire   . . .      SeeInvis +   g - +11 short sword of Infinite Pain {drain, Str-2 SInv Stlth+}
rCold   . . .      Faith    .   (no shield)
rNeg    . . .      Spirit   .   b - +0 hat
rPois   .          Reflect  .   (no amulet)
rElec   .          Harm     .   (no ring)
rCorr   .          Rampage  .   (no ring)
Will    .....                   (no ring)
Stlth   +++++.....              (no ring)
HPRegen 0.12/turn               (no ring)
MPRegen 0.13/turn               (no ring)
                                (no ring)
                                (no ring)

@: no status effects
A: almost no armour, amphibious, 8 rings, camouflage 1, gelatinous body 1,
(nimble swimmer 1), tentacles
a: no special abilities


You were on level 4 of the Dungeon.
You visited 1 branch of the dungeon, and saw 4 of its levels.

You collected 138 gold pieces.

Inventory:

Hand Weapons
 c - a +0 falchion
 g - the +11 short sword of Infinite Pain (weapon) {drain, Str-2 SInv Stlth+}
   (You found it on level 2 of the Dungeon)

   A truly terrible weapon, it drains the life of any living foe it strikes.
   Str:       It affects your strength (-2).
   SInv:      It lets you see invisible.
   Stlth:     It makes you more stealthy.
Missiles
 f - 2 throwing nets
Armour
 b - a +0 hat (worn)
Jewellery
 k - a ring of protection from cold
Scrolls
 d - a scroll of teleportation
 e - 3 scrolls of identify
Potions
 a - a potion of lignification {unknown}
 h - a potion of degeneration {unknown}
 i - a potion of berserk rage
 j - 2 potions of curing {unknown}


   Skills:
 + Level 1.0 Fighting
 + Level 0.4 Long Blades
 + Level 2.6 Dodging
 + Level 5.4 Stealth
 + Level 4.4 Spellcasting
 + Level 2.5 Conjurations
 + Level 1.0 Summonings
 + Level 1.0 Translocations
 * Level 2.9 Poison Magic


You had 4 spell levels left.
You knew the following spells:

 Your Spells              Type           Power      Damage    Failure   Level
a - Magic Dart            Conj           56%        1d5       4%          1
b - Mephitic Cloud        Conj/Pois/Air  11%        N/A       19%         3
c - Conjure Flame         Conj/Fire      9%         6-21      24%         3
d - Blink                 Tloc           16%        N/A       13%         2

Your spell library contained the following spells:

 Spells                   Type           Power      Damage    Failure   Level
 Slow                     Hex            16%        N/A       13%         1
 Call Imp                 Summ           8%         N/A       13%         2
 Call Canine Familiar     Summ           8%         N/A       26%         3
 Portal Projectile        Hex/Tloc       12%        N/A       32%         3
 Leda's Liquefaction      Hex/Erth       2%         N/A       78%         4


Dungeon Overview and Level Annotations

Branches:
Dungeon (4/15)
 Temple: D:4-7

Altars:
Fedhas


Innate Abilities, Weirdness & Mutations

You cannot wear most types of armour.
You are amphibious.
You can wear up to eight rings at the same time.
Your skin changes colour to match your surroundings (Stealth+).
Your rubbery body absorbs attacks. (AC +1, EV +1)
((You are camouflaged when in or above water. (Stealth+)))
You have tentacles for arms and can constrict up to eight enemies at once.


Message History

The ufetubus barely misses you.
You barely miss the ufetubus. Your grab misses the ufetubus.
Your squeeze misses the ufetubus.
The ufetubus is heavily wounded.
The ufetubus completely misses you. The ufetubus hits you.
The gnoll hits you with a +0 club. The ufetubus closely misses you. x2
The ufetubus hits you. The ufetubus closely misses you.
The ufetubus closely misses you. The ufetubus hits you.
You hit the ufetubus. Your grab misses the ufetubus.
The ufetubus is severely wounded.
The ufetubus closely misses you. The ufetubus barely misses you. x3
You miss the ufetubus. Your grab misses the ufetubus.
The ufetubus is severely wounded.
The ufetubus hits you. x2
* * * LOW HITPOINT WARNING * * *
You barely miss the ufetubus.
The gnoll shouts!
Your grab misses the ufetubus.
The ufetubus is severely wounded.
You hear the slow rusting of a drain nearby.
The ufetubus closely misses you. x2; The ufetubus barely misses you.
The ufetubus hits you.
* * * LOW HITPOINT WARNING * * *
You puncture the ufetubus!
You kill the ufetubus!
The gnoll closely misses you.
You puncture the gnoll! You drain the gnoll.
You kill the gnoll!
You closely miss the gnoll. Your grab misses the gnoll.
The gnoll hits you with a +0 club.
* * * LOW HITPOINT WARNING * * *
You closely miss the gnoll. Your grab misses the gnoll.
The gnoll barely misses you.
Unknown command.
You puncture the gnoll! You drain the gnoll.
You kill the gnoll!
You completely miss the gnoll. Your grab misses the gnoll.
The gnoll hits you with a +0 whip.
You die...

.........# #.#
.........# #.#
.........# #.#
.........# #.#
.........#########.#
.........+.@g.....>#####
..≈≈≈≈)..####..........#
..≈≈≈≈.....g.........#
#..≈_≈....gg...#####.#
...≈≈≈.........#..<#.#
..≈............#.###.#
.....##........#.....#
####. #........####### #
#...........


You could see a gnoll.

Vanquished Creatures
  A vampire bat (D:3)
  An orc priest (D:3)
  Crazy Yiuf (D:3)
  Terence (D:3)
  Natasha (D:4)
  An orc wizard (D:3)
  An adder (D:3)
  3 gnolls (D:4)
  An ufetubus (D:4)
  A worm (D:2)
  3 dart slugs
  3 fire bats (D:3)
  2 orcs (D:3)
  2 spectral bats (D:3)
  7 ball pythons
  3 bat skeletons (D:3)
  A bat zombie (D:3)
  4 endoplasms
  5 giant cockroaches
  6 goblins
  2 hobgoblins
  4 jackals (D:2)
  4 kobolds
  5 quokkas
  14 bats
  A bat simulacrum (D:3)
  A frilled lizard (D:1)
  8 rats
87 creatures vanquished.

Notes
Turn   | Place    | Note
-------+----------+-------------------------------------------
     0 | D:1      | zazu2006 the Octopode Hedge Wizard began the quest for the
                  | Orb.
     0 | D:1      | Reached XP level 1. HP: 11/11 MP: 4/4
   289 | D:1      | Reached XP level 2. HP: 17/17 MP: 1/6
   609 | D:1      | Reached skill level 3 in Stealth
   907 | D:2      | Reached XP level 3. HP: 21/21 MP: 2/8
   911 | D:2      | Learned a level 3 spell: Mephitic Cloud
   915 | D:2      | Learned a level 3 spell: Conjure Flame
   918 | D:2      | Learned a level 2 spell: Blink
   996 | D:2      | Identified the +11 short sword of Infinite Pain {drain,
                  | Str-2 SInv Stlth+}
  1649 | D:3      | Reached XP level 4. HP: 19/27 MP: 10/10
  1765 | D:3      | Reached skill level 1 in Poison Magic
  1921 | D:3      | Found a runed translucent door.
  1922 | D:3      | Noticed Crazy Yiuf
  1935 | D:3      | Noticed Terence
  1943 | D:3      | Killed Terence
  2042 | D:3      | Reached skill level 4 in Stealth
  2042 | D:3      | Reached XP level 5. HP: 25/31 MP: 11/11
  2226 | D:3      | Found a faded altar of an unknown god.
  2285 | D:3      | Reached XP level 6. HP: 37/37 MP: 12/12
  2702 | D:3      | Killed Crazy Yiuf
  2703 | D:3      | Reached skill level 5 in Stealth
  2734 | D:4      | Noticed Natasha
  2737 | D:4      | Killed Natasha
  2738 | D:4      | Reached skill level 1 in Fighting
  2753 | D:4      | Found a blossoming altar of Fedhas.
  2780 | D:4      | Slain by a gnoll

Illustrated notes

Levels and vault maps discovered:
D:1:      ncdulo_wetmaze, layout_basic
D:2:      layout_basic
D:3:      layout_rooms, dreamdust_ecumenical_altar_angels_and_demons,
          goddamned_bats, uniq_crazy_yiuf_cottage, uniq_terence
D:4:      minmay_opposing_rooms, layout_basic, fedhas_altar_2,
          gup_sewer_entry_bubbles, guppyfry_early_orc_mine, uniq_natasha,
          uniq_edmund, uniq_eustachio, uniq_sigmund

Skill      XL: |  1  2  3  4  5  6 |
---------------+-------------------+-----
Stealth        | 3 4 5 |  5.4
Spellcasting   | 4 |  4.4
Poison Magic   | 1 2 |  2.9
Conjurations   | 2 |  2.5
Fighting       | 1 |  1.0
Long Blades    | |  0.4
Dodging        | |  2.6
Summonings     | |  1.0
Translocations | |  1.0

Action                   |  1- 3 |  4- 6 || total
-------------------------+-------+-------++-------
Melee: Falchion          |     4 |       ||     4
       Constrict         |     3 |     5 ||     8
       Short sword       |    22 |    69 ||    91
       Tentacles         |       |     3 ||     3
 Cast: Magic Dart        |    56 |    14 ||    70
  Use: Scroll            |       |     2 ||     2
 Stab: Sleeping          |     7 |    10 ||    17
Armor: Skin              |     1 |    19 ||    20
Dodge: Dodged            |    16 |    86 ||   102
